 Dungeon Crawl Stone Soup version 0.32-a0-607-g64ea0e4219 (webtiles) character file.

Game seed: 2259024061650878495

35120 ezpacito the Prestidigitator (level 13, -6/121 HPs)
             Began as a Coglin Chaos Knight on Mar 3, 2024.
             Was a Plaything of Xom.
             Mangled by Agnes
             ... wielding a +2 lajatang of venom
              (26 damage)
             ... on level 14 of the Dungeon.
             The game lasted 00:27:48 (15498 turns).

ezpacito the Prestidigitator (Coglin Chaos Knight) Turns: 15498, Time: 00:27:49

Health: -6/121     AC: 19    Str: 15    XL:     13   Next: 81%
Magic:  8/20       EV: 18    Int: 10    God:    Xom [......]
Gold:   659        SH:  0    Dex: 21    Spells: 10/21 levels left

rFire   + . .        q - +8 demon trident of Parts Unknown {elec, rPois Dex+5 Stlth+}
rCold   + . .        a - +3 hand axe (chaos) {Apolônia}
rNeg    . . .        o - +0 steam dragon scales
rPois   +            p - +0 helmet
rElec   +            x - +2 cloak {rCorr}
rCorr   +            k - +2 pair of gloves {infuse}
SInv    .            h - +1 pair of boots of the Dwarven Hall {Fly rPois Int-2}
Will    .....        (amulet unavailable)
Stlth   ++++         (ring unavailable)
HPRegen 0.40/turn    (ring unavailable)
MPRegen 0.17/turn    (no gizmo)

%: infuse magic (1 MP)
@: resistant, flying, studying Air Magic, revving
A: off-hand wielding, slow wielding, warmup strikes, no jewellery, iridescent
scales 1, robust 2, screaming 1, MP-powered wands
a: Invent Gizmo, Renounce Religion


You were on level 14 of the Dungeon.
You worshipped Xom.
You were a very special plaything of Xom.
You visited 2 branches of the dungeon, and saw 15 of its levels.
You also visited: Bailey and Gauntlet.

You collected 992 gold pieces.
You spent 333 gold pieces at shops.

Inventory:

Hand Weapons
 a - a +3 hand axe of chaos (offhand) {Apolônia}
 g - a +2 eveningstar of protection {Bianca}
 q - the +8 demon trident of Parts Unknown (weapon) {elec, rPois Dex+5 Stlth+}
   (You found it on level 13 of the Dungeon)

   Dex+5:     It affects your dexterity (+5).
   rPois:     It protects you from poison.
   Stlth+:    It makes you more stealthy.
 y - a +4 trident of flaming {Cipactli}
 E - a +3 war axe
 K - the +7 glaive of Disaster {pain, Int+4 SInv}
   (You bought it in a shop on level 11 of the Dungeon)

   Int+4:     It affects your intelligence (+4).
   SInv:      It lets you see invisible.
Missiles
 d - 10 javelins
 f - 8 boomerangs
 j - 23 poisoned darts
 G - 2 curare-tipped darts
 P - a throwing net
Armour
 h - the +1 pair of boots of the Dwarven Hall (worn) {Fly rPois Int-2}
   (You found it in a Gauntlet)

   Int-2:     It affects your intelligence (-2).
   rPois:     It protects you from poison.
   Fly:       It grants you flight.
 k - a +2 pair of gloves of infusion (worn)
 o - +0 steam dragon scales (worn)
 p - a +0 helmet (worn)
 r - the +0 buckler of the Bulwark {rN+ Str+6 Int-2}
   (Xom gifted it to you on level 5 of the Dungeon)

   Str+6:     It affects your strength (+6).
   Int-2:     It affects your intelligence (-2).
   rN+:       It protects you from negative energy.
 x - a +2 cloak of preservation (worn)
 B - a +0 plate armour
Magical Staves
 v - a staff of death
 O - a staff of conjuration
Wands
 b - a wand of polymorph (3)
 l - a wand of mindburst (1)
 u - a wand of flame (79)
 w - a wand of paralysis (16)
Scrolls
 e - 4 scrolls of noise
 i - a scroll of identify
 t - a scroll of revelation
 F - a scroll of fog
 H - a scroll of silence
 I - a scroll of vulnerability
 N - a scroll of immolation
Potions
 m - a potion of enlightenment
 n - 3 potions of resistance
 s - 2 potions of lignification
 A - 2 potions of magic
 C - 2 potions of cancellation
 D - a potion of mutation
 L - 2 potions of brilliance
Miscellaneous
 c - a box of beasts (inert)


   Skills:
 * Level 9.6 Fighting
 * Level 9.5(10.2) Axes
 + Level 5.4(7.8) Polearms
 * Level 8.4 Armour
 * Level 8.3 Dodging
 + Level 5.3 Stealth
 + Level 4.9 Spellcasting
 + Level 4.7 Summonings
 + Level 5.7 Necromancy
 + Level 0.9 Air Magic
 * Level 10.8 Evocations


You had 10 spell levels left.
You knew the following spells:

 Your Spells              Type           Power      Damage    Failure   Level
a - Haunt                 Necr/Summ      6%         N/A       100%        7
A - Animate Dead          Necr           14%        N/A       22%         4

Your spell library contained the following spells:

 Spells                   Type           Power      Damage    Failure   Level
 Static Discharge         Conj/Air       6%         3-4/arc   28%         2
 Blink                    Tloc           4%         N/A       34%         2
 Lesser Beckoning         Tloc           4%         N/A       34%         2
 Momentum Strike          Conj/Tloc      4%         3d8       34%         2
 Ozocubu's Armour         Ice            2%         N/A       56%         3
 Summon Lightning Spire   Summ/Air       8%         N/A       56%         4
 Airstrike                Air            2%         2d(1-17)  83%         4
 Vhi's Electric Charge    Tloc/Air       6%         N/A       88%         4
 Arcjolt                  Conj/Air       1%         1d11      99%         5
 Metabolic Englaciation   Hex/Ice        1%         N/A       100%        5
 Plasma Beam              Fire/Air       1%         2x1d11    100%        6
 Sculpt Simulacrum        Ice/Alch       1%         N/A       100%        6
 Infestation              Necr           7%         N/A       100%        8


Dungeon Overview and Level Annotations

Branches:
Dungeon (14/15) Temple (1/1) D:4 Lair (0/5) D:8 Orc (0/2) D:12 Vaults (0/5) D:12 D:13 Bailey (visited) Gauntlet (visited)

Altars:
Ashenzari
Cheibriados
Dithmenos
Elyvilon
Fedhas
Gozag
Hepliaklqana
Kikubaaqudgha
Makhleb
Nemelex Xobeh
Okawaru
Qazlal
Ru
Sif Muna
Trog
Uskayaw
Vehumet
Wu Jian
Xom
Yredelemnul
Zin
The Shining One
Beogh

Shops:
D:3 :   D:8 =   D:9 [   D:11 (   D:12 (

Annotations:
D:14 Agnes


Innate Abilities, Weirdness & Mutations

You can wield a second weapon in your off-hand.
It takes a long time for you to wield or remove held weapons.
Your first few attacks do less damage.
You cannot equip rings or amulets.
You are partially covered in iridescent scales. (AC +2)
You are very robust. (+20% HP)
You occasionally shout uncontrollably at your foes.
You expend magic power (3 MP) to strengthen your wands.


Message History

Your butterfly dies!
Your butterfly disappears in a burst of colours!
Agnes hits your butterfly with a +2 lajatang of venom!!
Your butterfly dies!
Your butterfly disappears in a burst of colours!
You swap places.
Your butterfly disappears in a burst of colours! x2
Agnes hits your butterfly with a +2 lajatang of venom!!
Your butterfly dies!
Your butterfly disappears in a burst of colours!
Agnes hits your butterfly with a +2 lajatang of venom!
Your butterfly dies!
Your butterfly disappears in a burst of colours!
Aiming: Mindburst
Press: ? - help, Shift-Dir - straight line, f/p - Agnes
Aim: Agnes, wielding a +2 lajatang of venom and wearing a +0 robe (severely wounded, unaware, ally target, hasn't noticed you, chance to affect: 41%)
You feel a surge of power!
Agnes shouts!
Agnes resists with some effort.
You now have 12/20 mp.
Aiming: Mindburst
Press: ? - help, Shift-Dir - straight line, f/p - Agnes
Aim: Agnes, wielding a +2 lajatang of venom and wearing a +0 robe (severely wounded, ally target, chance to affect: 41%)
You feel a surge of power!
Agnes resists with some effort.
Your butterfly disappears in a burst of colours!
You now have 10/20 mp.
You slash Agnes with your +3 hand axe of chaos!
You freeze Agnes.
Agnes is almost dead.
You miss Agnes with the +8 demon trident of Parts Unknown.
Your butterfly disappears in a burst of colours!
Agnes completely misses you.
You now have 9/20 mp.
You puncture Agnes with the +8 demon trident of Parts Unknown!
Agnes is almost dead.
You completely miss Agnes with your +3 hand axe of chaos.
Your butterfly disappears in a burst of colours!
Agnes hits you with a +2 lajatang of venom!!
You die...
Agnes says, "May you follow the Path of Peace in your next life."

#........... #...........
#........... #...........
##############...........
...................#####..
...................#
...............b...#
........b..@i.b.bb.#
...................#
...................#
...........b.......#
#########......###+###
#.......#......#
#.......#......+
#.......#......#
#.......#......#


You could see Agnes (ally target).

Vanquished Creatures
  Frances (D:14)
  A minotaur (Gauntlet)
  A spark wasp (D:9)
  Snorg (D:10)
  Josephine (D:12)
  A great orb of eyes (Gauntlet)
  An ice dragon (D:13)
  Erica (D:11)
  A centaur warrior (D:12)
  2 hydras
  A boulder beetle (D:13)
  2 two-headed ogres
  The ghost of killozap the Arsonist, a novice MDFE of Vehumet (D:9)
  Urug (D:10)
  A sun demon (D:13)
  A sixfirhy (D:13)
  A deep troll (D:9)
  2 orc knights
  A lindwurm (D:9)
  2 cyclopes
  2 ugly things
  4 manticores
  A black mamba (shapeshifter) (D:13)
  4 gargoyles
  2 unseen horrors
  A hellion (D:13)
  A torpor snail (Gauntlet)
  Jeremiah (D:6)
  Maggie (D:8)
  A polar bear (shapeshifter) (D:14)
  5 trolls
  2 raiju (D:13)
  4 slime creatures (D:9)
  13 yaks
  A vampire (D:12)
  3 wyverns
  Eustachio (D:5)
  17 humans
  4 wraiths (D:12)
  11 vampire mosquitoes
  Menkaure (D:5)
  2 water moccasins
  3 ice beasts
  2 sky beasts (D:6)
  7 orc warriors
  A black bear (D:7)
  2 laughing skulls (Gauntlet)
  An ogre (D:6)
  2 centaurs
  A phantom (D:5)
  A kobold brigand (D:8)
  5 bullfrogs
  4 gnoll sergeants
  2 scorpions (D:7)
  12 wights
  11 killer bees
  4 howler monkeys
  7 hounds
  6 orc priests
  A bombardier beetle (D:4)
  2 jellies
  Crazy Yiuf (D:5)
  2 iguanas
  A sleepcap (D:6)
  9 orc wizards
  26 gnolls
  5 adders
  A shadow imp (D:6)
  A white imp (D:5)
  A ribbon worm (D:3)
  A dart slug (D:12)
  68 orcs
  4 ball pythons
  9 endoplasms
  3 giant cockroaches
  8 goblins
  6 hobgoblins
  2 jackals (D:1)
  3 quokkas
  A bat (D:1)
  A frilled lizard (D:1)
  21 kobolds
  A rat (D:3)
355 creatures vanquished.

Vanquished Creatures (collateral kills)
  A manticore (D:11)
  Joseph (D:8)
  A komodo dragon (D:8)
  A wyvern (D:8)
  A wight (D:9)
5 creatures vanquished.

Vanquished Creatures (others)
  Nergalle (D:10)
  A killer bee zombie (D:9)
  An orc (D:10)
  A ball python (D:4)
  3 kobolds (D:6)
  4 foxfires (D:9)
11 creatures vanquished.

Grand Total: 371 creatures vanquished

Notes
Turn   | Place    | Note
-------+----------+-------------------------------------------
     0 | D:1      | ezpacito the Coglin Chaos Knight began the quest for the
                  | Orb.
     0 | D:1      | Reached XP level 1. HP: 18/18 MP: 1/1
    30 | D:1      | Reached skill level 1 in Dodging
   198 | D:1      | XOM: butterfly on damage
   203 | D:1      | Reached XP level 2. HP: 19/24 MP: 2/2
   207 | D:1      | XOM: silly message
   445 | D:1      | XOM: god gift: +1 pair of gloves of infusion
   601 | D:2      | XOM: noise
   606 | D:2      | Reached XP level 3. HP: 24/29 MP: 0/3
   734 | D:2      | XOM: god gift: coppery potion {god gift}
   880 | D:2      | XOM: 4-stop teleportation journey
  1110 | D:2      | XOM: silly message
  1116 | D:2      | XOM: silly message
  1380 | D:3      | XOM: noise
  1385 | D:3      | Reached skill level 1 in Spellcasting
  1385 | D:3      | Reached XP level 4. HP: 34/35 MP: 0/5
  1509 | D:3      | XOM: noise
  1533 | D:3      | Found Iniah's Book Boutique.
  1733 | D:3      | XOM: 2-stop teleportation journey
  1755 | D:3      | You fall into a shaft and drop 3 floors!
  1761 | D:6      | Learned a level 4 spell: Animate Dead
  1765 | D:6      | Noticed a water moccasin
  1775 | D:6      | Killed a water moccasin
  1776 | D:6      | Reached skill level 1 in Polearms
  1776 | D:6      | Reached skill level 1 in Stealth
  1776 | D:6      | Reached XP level 5. HP: 37/42 MP: 1/7
  1835 | D:6      | Noticed an orc warrior
  1835 | D:6      | Noticed a kobold brigand
  1836 | D:6      | XOM: smoke on damage
  1839 | D:6      | XOM: divine lightning
  1841 | D:6      | a kobold brigand changed into a gnoll
  1841 | D:6      | XOM: polymorph kobold brigand -> gnoll
  1846 | D:5      | Entered Level 5 of the Dungeon
  1849 | D:5      | XOM: 1-stop teleportation journey
  1980 | D:5      | Reached XP level 6. HP: 44/48 MP: 5/8
  2137 | D:5      | Noticed Eustachio
  2149 | D:5      | Killed Eustachio
  2150 | D:5      | Reached skill level 1 in Necromancy
  2150 | D:5      | Reached XP level 7. HP: 53/54 MP: 3/9
  2301 | D:5      | Identified the +0 buckler of the Bulwark {rN+ Str+6 Int-2}
                  | (Xom gifted it to you on level 5 of the Dungeon)
  2301 | D:5      | XOM: god gift: +0 buckler of the Bulwark {rN+ Str+6 Int-2}
  2332 | D:4      | XOM: destruction
  2339 | D:4      | Found a staircase to the Ecumenical Temple.
  2349 | Temple   | Entered the Ecumenical Temple
  2787 | D:4      | XOM: 5-stop teleportation journey
  2796 | D:4      | XOM: polymorph orc -> giant cockroach
  3068 | D:4      | XOM: cloud trail
  3392 | D:5      | Found a runed translucent door.
  3393 | D:5      | Noticed Crazy Yiuf
  3422 | D:5      | Killed Crazy Yiuf
  3522 | D:5      | XOM: scenery: summon butterflies
  3781 | D:5      | Noticed Menkaure
  3791 | D:5      | XOM: cleaving
  3797 | D:5      | Killed Menkaure
  3798 | D:5      | Reached skill level 1 in Evocations
  3798 | D:5      | Reached XP level 8. HP: 13/61 MP: 7/11
  4048 | D:6      | Noticed Jeremiah
  4164 | D:5      | XOM: noise
  4174 | D:5      | Reached skill level 2 in Evocations
  4177 | D:6      | XOM: cast spell 'Dispersal'
  4187 | D:6      | Killed Jeremiah
  4188 | D:6      | Reached skill level 5 in Fighting
  4188 | D:6      | Reached skill level 5 in Axes
  4251 | D:6      | Reached skill level 3 in Evocations
  4473 | D:6      | Reached XP level 9. HP: 68/68 MP: 2/12
  4515 | D:6      | XOM: noise
  4565 | D:6      | XOM: cast spell 'Fugue of the Fallen'
  4640 | D:6      | XOM: cloud trail
  4730 | D:6      | XOM: scenery: summon butterflies
  5091 | D:7      | Reached skill level 4 in Evocations
  5124 | D:7      | Learned a level 7 spell: Haunt
  5125 | D:7      | XOM: give mutations
  5125 | D:7      | Gained mutation: You expend magic power (3 MP) to
                  | strengthen your wands. [Xom's mischief]
  5125 | D:7      | Gained mutation: You occasionally shout uncontrollably at
                  | your foes. [Xom's mischief]
  5125 | D:7      | Gained mutation: Your natural rate of healing is unusually
                  | fast. [Xom's mischief]
  5153 | D:7      | XOM: divination: detect items
  5233 | D:7      | Found a sparkling altar of Nemelex Xobeh.
  5683 | D:7      | XOM: noise
  5787 | D:7      | XOM: divination: detect creatures
  5844 | D:7      | XOM: divination: magic mapping
  6068 | D:8      | Reached skill level 5 in Armour
  6071 | D:8      | Reached skill level 5 in Evocations
  6072 | D:8      | Found Uhasea's Jewellery Emporium.
  6182 | D:8      | Noticed Maggie
  6187 | D:8      | XOM: summons 3 friendly demons
  6189 | D:8      | XOM: destruction
  6193 | D:8      | Noticed a troll
  6201 | D:8      | Reached skill level 1 in Summonings
  6201 | D:8      | Reached XP level 10. HP: 63/76 MP: 14/14
  6210 | D:8      | XOM: scenery: create altars
  6217 | D:8      | Reached skill level 5 in Dodging
  6218 | D:8      | Killed Maggie
  6338 | D:8      | Noticed a cyclops
  6345 | D:8      | XOM: swap monsters
  6347 | D:8      | XOM: divination: detect creatures
  6348 | D:8      | Killed a cyclops
  6349 | D:8      | Reached skill level 6 in Evocations
  6684 | D:8      | XOM: scenery: create altars
  6733 | D:8      | XOM: give mutations
  6733 | D:8      | Gained mutation: You are robust. (+10% HP) [Xom's grace]
  6733 | D:8      | Gained mutation: Your flesh is heat resistant. (rF+) [Xom's
                  | grace]
  6751 | D:8      | XOM: god gift: scroll of teleportation
  6986 | D:8      | Found a staircase to the Lair.
  6986 | D:8      | Noticed Joseph
  6991 | D:8      | Killed Joseph
  6995 | D:8      | Reached XP level 11. HP: 92/92 MP: 16/16
  7212 | D:8      | XOM: divination: detect items
  7325 | D:9      | XOM: stealth player
  7336 | D:9      | XOM: fake destruction
  7338 | D:9      | Found a transporter.
  7366 | D:9      | XOM: noise
  7369 | D:9      | a slime creature changed into a spark wasp
  7369 | D:9      | Noticed a spark wasp
  7377 | D:9      | Killed a spark wasp
  7378 | D:9      | Reached skill level 7 in Evocations
  7424 | D:9      | Found a snail-covered altar of Cheibriados.
  7424 | D:9      | Found a glowing silver altar of Zin.
  7444 | D:9      | a troll changed into a lindwurm
  7444 | D:9      | Noticed a lindwurm
  7444 | D:9      | XOM: polymorph troll -> lindwurm
  7450 | D:9      | Killed a lindwurm
  7471 | D:9      | Found Huigoof's Antique Armour Shoppe.
  7526 | D:9      | Found a flagged portal.
  7587 | Bailey   | Entered a bailey
  7651 | Bailey   | Noticed an orc knight
  7776 | Bailey   | Killed an orc knight
  8326 | D:9      | XOM: give mutations
  8326 | D:9      | Gained mutation: You are very robust. (+20% HP) [Xom's
                  | mischief]
  8326 | D:9      | Gained mutation: You have hidden genetic potential. [Xom's
                  | mischief]
  8397 | D:9      | Found a bloodstained altar of Trog.
  8406 | D:9      | Found an ornate altar of the Wu Jian Council.
  8409 | D:9      | Found a sacrificial altar of Ru.
  8409 | D:9      | Found an opulent altar of Gozag.
  8418 | D:9      | Found a hazy altar of Hepliaklqana.
  8476 | D:9      | Found a transporter.
  8476 | D:9      | Noticed killozap's ghost (novice MDFE)
  8524 | D:9      | a yak changed into a deep troll
  8524 | D:9      | Noticed a deep troll
  8524 | D:9      | XOM: polymorph yak -> deep troll
  8526 | D:9      | Killed a deep troll
  8687 | D:9      | Found a basalt altar of Yredelemnul.
  8687 | D:9      | XOM: give mutations
  8687 | D:9      | Lost mutation: Your flesh is heat resistant. (rF+) [Xom's
                  | mischief]
  8687 | D:9      | Gained mutation: Your muscles are strong. (Str +4, Int/Dex
                  | -1) [Xom's mischief]
  8687 | D:9      | Lost mutation: You expend magic power (3 MP) to strengthen
                  | your wands. [Xom's mischief]
  8826 | D:9      | Noticed a two-headed ogre
  8829 | D:9      | XOM: swap monsters
  8838 | D:9      | Killed a two-headed ogre
  8839 | D:9      | Reached skill level 8 in Evocations
  8956 | D:9      | XOM: enchant monster (bad)
  8960 | D:9      | Killed killozap's ghost
  9093 | D:10     | Entered Level 10 of the Dungeon
  9169 | D:10     | Noticed Snorg
  9169 | D:10     | Noticed Urug
  9178 | D:10     | Killed Urug
  9178 | D:10     | Killed Snorg
  9179 | D:10     | Reached XP level 12. HP: 90/110 MP: 18/18
  9475 | D:10     | XOM: god gift: 38 gold pieces
  9614 | D:10     | XOM: god gift: puce potion {god gift}
  9887 | D:10     | XOM: confuse monster(s)
 10181 | D:10     | Noticed Nergalle
 10193 | D:10     | Killed Nergalle
 10193 | D:10     | XOM: divine lightning
 10219 | D:10     | Found a roughly hewn altar of Beogh.
 10398 | D:11     | Found Astru's Antique Weapon Emporium.
 10405 | D:11     | Bought an ebony glaive for 333 gold pieces
 10405 | D:11     | Identified the +7 glaive of Disaster {pain, Int+4 SInv}
                  | (You bought it in a shop on level 11 of the Dungeon)
 10408 | D:11     | XOM: god gift: staff of conjuration
 10442 | D:11     | XOM: potion effect (haste)
 10531 | D:11     | XOM: cloud trail
 10689 | D:11     | Gained mutation: A frigid envelope surrounds you and
                  | freezes all who hurt you. [hidden potential]
 10876 | D:11     | Found a shimmering blue altar of Sif Muna.
 10916 | D:11     | Reached skill level 9 in Evocations
 10944 | D:11     | Noticed Erica
 10950 | D:11     | XOM: 2-stop teleportation journey
 11005 | D:11     | XOM: cast spell 'Summon Horrible Things'
 11017 | D:11     | Reached skill level 5 in Necromancy
 11068 | D:11     | XOM: confuse monster(s)
 11071 | D:11     | Killed Erica
 11272 | D:11     | XOM: enchant monster (bad)
 11348 | D:12     | Noticed Josephine
 11348 | D:12     | XOM: cast spell 'Death Channel'
 11349 | D:12     | XOM: noise
 11356 | D:12     | Killed Josephine
 11378 | D:12     | Found a stormy altar of Qazlal.
 11414 | D:12     | XOM: 1-stop teleportation journey
 11416 | D:12     | Found Ifeniopt's Weapon Boutique.
 11439 | D:12     | Found a gate leading to a gauntlet.
 11554 | Gauntlet | Entered a Gauntlet
 11554 | Gauntlet | Found a transporter.
 11554 | Gauntlet | Found a transporter.
 11558 | Gauntlet | Found a runed translucent door.
 11560 | Gauntlet | Found a transporter.
 11562 | Gauntlet | Found a runed translucent door.
 11563 | Gauntlet | Found a transporter.
 11563 | Gauntlet | Found a transporter.
 11566 | Gauntlet | Found a transporter.
 11604 | Gauntlet | Found a transporter.
 11604 | Gauntlet | Noticed a four-headed hydra
 11606 | Gauntlet | Found a transporter.
 11606 | Gauntlet | Found a transporter.
 11618 | Gauntlet | Noticed a green death
 11621 | Gauntlet | Found a transporter.
 11633 | Gauntlet | Found a runed translucent door.
 11637 | Gauntlet | Found a transporter.
 11643 | Gauntlet | Found a transporter.
 11645 | Gauntlet | Noticed a great orb of eyes
 11653 | Gauntlet | XOM: give mutations
 11653 | Gauntlet | Lost mutation: A frigid envelope surrounds you and freezes
                  | all who hurt you. [Xom's mischief]
 11653 | Gauntlet | Lost mutation: Your natural rate of healing is unusually
                  | fast. [Xom's mischief]
 11653 | Gauntlet | Lost mutation: Your muscles are strong. (Str +4, Int/Dex
                  | -1) [Xom's mischief]
 11653 | Gauntlet | Gained mutation: You expend magic power (3 MP) to
                  | strengthen your wands. [Xom's mischief]
 11660 | Gauntlet | Found a transporter.
 11693 | Gauntlet | Found a transporter.
 11783 | Gauntlet | Killed a four-headed hydra
 11860 | Gauntlet | Killed a great orb of eyes
 11861 | Gauntlet | Reached XP level 13. HP: 119/120 MP: 2/19
 11872 | Gauntlet | Identified the +1 pair of boots of the Dwarven Hall {Fly
                  | rPois Int-2}
 11878 | Gauntlet | XOM: divination: detect items
 11887 | Gauntlet | Reached skill level 5 in Polearms
 12043 | Gauntlet | Noticed a minotaur
 12047 | Gauntlet | XOM: potion effect (brilliance)
 12053 | Gauntlet | XOM: divination: detect creatures
 12054 | Gauntlet | XOM: swap monsters
 12069 | Gauntlet | Killed a minotaur
 12444 | D:12     | Reached skill level 10 in Evocations
 12507 | D:12     | XOM: silly message
 12555 | D:12     | Found a staircase to the Orcish Mines.
 12580 | D:12     | XOM: polymorph orc priest -> dart slug
 12586 | D:12     | Found a roughly hewn altar of Beogh.
 13056 | D:13     | Found a gate to the Vaults.
 13064 | D:12     | XOM: confuse monster(s)
 13067 | D:12     | Reached skill level 5 in Stealth
 13090 | D:12     | Gained mutation: You are resistant to electric shocks.
                  | (rElec) [hidden potential]
 13090 | D:12     | Lost mutation: You have hidden genetic potential. [hidden
                  | potential expressed]
 13196 | D:12     | XOM: enchant monster (good)
 13345 | D:13     | XOM: chaos upgrade
 13863 | D:12     | XOM: god gift: scale mail {god gift}
 14079 | D:13     | Noticed an ice dragon
 14088 | D:13     | XOM: confuse monster(s)
 14089 | D:13     | HP: 5/121 [raiju (7)]
 14393 | D:13     | XOM: polymorph troll -> shapeshifter
 14414 | D:13     | Got the +8 demon trident of Parts Unknown {elec, rPois
                  | Dex+5 Stlth+}
 14416 | D:13     | XOM: 4-stop teleportation journey
 14427 | D:13     | XOM: scenery: summon butterflies
 14428 | D:13     | XOM: confuse monster(s)
 14548 | D:13     | XOM: god gift: 34 gold pieces
 14572 | D:13     | Killed an ice dragon
 14827 | D:13     | XOM: polymorph shock serpent -> something unseen
 14946 | D:13     | XOM: 1-stop teleportation journey
 14959 | D:13     | XOM: scenery: 2 doors close
 15044 | D:13     | XOM: chaos cloud
 15076 | D:13     | XOM: divination: magic mapping
 15170 | D:13     | XOM: give mutation
 15170 | D:13     | Gained mutation: You are partially covered in iridescent
                  | scales. (AC +2) [Xom's mischief]
 15243 | D:14     | Noticed Frances
 15247 | D:14     | XOM: silly message
 15253 | D:14     | XOM: give mutation
 15253 | D:14     | Lost mutation: You are resistant to electric shocks.
                  | (rElec) [Xom's mischief]
 15257 | D:14     | Killed Frances
 15459 | D:14     | Noticed Agnes
 15498 | D:14     | Mangled by Agnes

Illustrated notes

Levels and vault maps discovered:
D:1:      amcnicky_arrival_flooded_fountain, layout_rooms, nrook_uturn
D:2:      layout_basic
D:3:      layout_loops_ring, serial_shops, shop
D:4:      layout_loops_ring, minmay_temple_entry_ruins
D:5:      layout_gridville, uniq_crazy_yiuf_cottage, uniq_eustachio,
          uniq_menkaure
D:6:      layout_cave_pools, uniq_jeremiah
D:7:      layout_cave_pools, marbit_many_paths
D:8:      kennysheep_spiral_hall, layout_rooms, david_lair_shrubbed,
          serial_shops, shop, uniq_joseph, uniq_maggie
D:9:      layout_basic, nicolae_overflow_hidden_temple,
          nicolae_overflow_hallway_of_the_gods, nicolae_overflow_two_pavilions,
          gammafunk_ghost_arena, enter_bailey_8, serial_shops,
          nicolae_stop_n_shop_1
D:10:     layout_grid_maze, special_room [special_room_orc],
          minmay_misc_feat_iff, uniq_snorg, uniq_urug, uniq_nergalle
D:11:     layout_irregular_city, serial_shops, nicolae_stop_n_shop_2,
          grunt_decor_mini_mirrors, lemuel_blue_sif_altar, uniq_erica
D:12:     layout_basic, minmay_orc_entry_temple_small, serial_shops,
          nicolae_shop_hallway_stairs, gauntlet_entry_generic,
          nicolae_qazlal_style_of_elements, uniq_josephine
D:13:     minmay_shoctagon, layout_irregular_city, david_vaults_3
D:14:     layout_gridville, serial_shops, shop, gammafunk_ghost_abyssal_escape,
          minivault_21, uniq_agnes, uniq_rupert, uniq_frances
Temple:   nicolae_temple_ecumenical_triangle

Skill      XL: |  1  2  3  4  5  6  7  8  9 10 11 12 13 |
---------------+----------------------------------------+-----
Dodging        | 1 2 3 4 5 6 7 8 |  8.3
Armour         | 2 3 4 5 6 7 8 |  8.4
Spellcasting   | 1 2 3 4 |  4.9
Polearms       | 1 2 3 4 5 |  5.4
Stealth        | 1 2 3 4 5 |  5.3
Fighting       | 4 5 6 7 8 9 |  9.6
Axes           | 4 5 6 7 8 9 |  9.5
Necromancy     | 1 2 3 4 5 |  5.7
Evocations     | 1 3 5 6 8 9 10 | 10.8
Summonings     | 1 2 3 4 |  4.7
Air Magic      | |  0.9

Action                     |  1- 3 |  4- 6 |  7- 9 | 10-12 | 13-15 || total
---------------------------+-------+-------+-------+-------+-------++-------
  Melee: Hand axe          |    56 |    35 |   174 |   280 |   149 ||   694
         Dagger            |    33 |       |       |       |       ||    33
         Eveningstar       |    13 |    39 |   112 |   298 |   135 ||   597
         Trident           |       |       |       |    12 |       ||    12
         Demon trident     |       |       |       |       |    55 ||    55
  Evoke: Wand              |       |       |     2 |    19 |    17 ||    38
         Box of beasts     |       |       |       |       |     1 ||     1
    Use: Scroll            |       |     7 |    12 |    10 |     4 ||    33
         Potion            |       |     1 |       |    23 |     9 ||    33
   Stab: Sleeping          |       |       |     1 |     8 |     4 ||    13
         Paralysed         |       |       |     1 |     1 |     1 ||     3
         Held in net/web   |       |       |     2 |       |     1 ||     3
         Confused          |       |       |       |     4 |     9 ||    13
         Invisible         |       |       |       |    15 |       ||    15
         Distracted        |       |       |       |     1 |       ||     1
         Petrified         |       |       |       |       |     5 ||     5
         Petrifying        |       |       |       |       |     2 ||     2
 Armour: Leather armour    |    38 |    44 |   128 |       |       ||   210
         Plate armour      |       |       |    34 |    28 |       ||    62
         Steam dragon scal |       |       |       |   340 |   269 ||   609
  Dodge: Dodged            |    35 |    29 |   105 |   354 |   235 ||   758
  Block: Buckler           |       |       |    13 |       |       ||    13

Table legend: (Time is in decaauts)
 A = Elapsed time spent in this place.
 B = Non-inter-level travel time spent in this place.
 C = Inter-level travel time spent in this place.
 D = Time resting spent in this place.
 E = Time spent auto-exploring this place.
 F = Levels seen in this place.
 G = Mean time per level.
                   A        B        C        D        E       F      G
               +--------+--------+--------+--------+--------+-----+--------+
         Total |  15506 |  15097 |    409 |   1497 |  10329 |  17 |  912.1 |
       Dungeon |  14310 |  13901 |    409 |   1395 |   9707 |  14 | 1022.1 |
        Temple |      1 |      1 |      0 |      0 |      0 |   1 |    1.0 |
        Bailey |    452 |    452 |      0 |      0 |    235 |   1 |  452.0 |
      Gauntlet |    741 |    741 |      0 |    102 |    386 |   1 |  741.0 |
               +--------+--------+--------+--------+--------+-----+--------+

Top non-repeatable levels by time:
    D:12: 1777 daAuts
    D:13: 1400 daAuts
     D:8: 1386 daAuts
     D:9: 1318 daAuts
    D:10: 1292 daAuts
     D:5: 1279 daAuts
     D:6: 955 daAuts
     D:7: 934 daAuts
    D:11: 885 daAuts
     D:2: 827 daAuts
     D:3: 771 daAuts
Gauntlet: 741 daAuts
     D:4: 713 daAuts
     D:1: 516 daAuts
  Bailey: 452 daAuts
